 Dungeon Sprint DCSS version 0.30-a0-140-gd1020e658a (webtiles) character file.

Game seed: 5728342188490187219

37456 mhtbhm the Metallomancer (level 13, -3/72 HPs)
             Began as a Gargoyle Earth Elementalist on Sept 24, 2022.
             Was the Champion of Vehumet.
             Slain by a goliath frog (20 damage)
             ... in the Dungeon (Sprint IX: "|||||||||||||||||||||||||||||").
             The game lasted 00:18:34 (7755 turns).

mhtbhm the Metallomancer (GrEE)                     Turns: 7755, Time: 00:18:34

Health: -3/72      AC: 16    Str: 13    XL:     13   Next: 96%
Magic:  14/39      EV: 13    Int: 23    God:    Vehumet [******]
Gold:   1021       SH:  0    Dex: 10    Spells: 15/56 levels left

rFire   . . .      SeeInvis +    l - +2 morningstar (vorpal)
rCold   . . .      Faith    .    (no shield)
rNeg    + . .      Spirit   .    a - +2 troll leather armour
rPois   ∞          Reflect  .    k - +0 helmet
rElec   +          Harm     .    (no cloak)
rCorr   .          Rampage  .    j - +0 pair of gloves
Will    .....      NoTele   +    o - +0 pair of boots
Stlth   +++.......               (no amulet)
HPRegen 1.02/turn                z - ring of see invisible
MPRegen 0.26/turn                n - +3 ring of intelligence

@: corroded
A: sickness immunity, AC +9, negative energy resistance 1, electricity
resistance, torment resistance 1, petrification resistance
a: Renounce Religion


You were in the Dungeon.
You worshipped Vehumet.
Vehumet was exalted by your worship.
You visited 1 branch You collected 1941 gold pieces.
You spent 920 gold pieces at shops.

Inventory:

Hand Weapons
 l - a +2 vorpal morningstar (weapon)
Missiles
 b - a throwing net
Armour
 a - a +2 troll leather armour (worn)
 j - a +0 pair of gloves (worn)
 k - a +0 helmet (worn)
 o - a +0 pair of boots (worn)
Jewellery
 n - a +3 ring of intelligence (right hand)
 w - a ring of fire
 x - a ring of fire
 y - a ring of ice
 z - a ring of see invisible (left hand)
Wands
 i - a wand of roots (2)
 u - a wand of paralysis (14)
Scrolls
 h - 2 scrolls of amnesia
 p - a scroll of fear
 r - 5 scrolls of identify
 t - a scroll of enchant armour
 B - a scroll of fog
Potions
 c - 9 potions of curing
 d - 2 potions of invisibility
 e - a potion of heal wounds
 f - a potion of berserk rage
 g - a potion of might
 s - 3 potions of brilliance
 v - a potion of cancellation {unknown}
 A - a potion of haste


   Skills:
 + Level 4.5 Fighting
 + Level 6.1 Armour
 + Level 5.9 Dodging
 + Level 5.9 Stealth
 + Level 22.3 Spellcasting
 + Level 11.7 Conjurations
 + Level 4.5 Transmutations
 + Level 26.6 Earth Magic
 + Level 2.9 Evocations


You had 15 spell levels left.
You knew the following spells:

 Your Spells              Type           Power      Damage    Failure   Level
a - Sandblast             Erth           100%       2d20      0%          1
b - Passwall              Tmut/Erth      64%        N/A       0%          2
c - Stone Arrow           Conj/Erth      100%       3d13      0%          3
d - Petrify               Tmut/Erth      77%        N/A       1%          4
e - Sticky Flame          Conj/Fire      51%        2d7       1%          4
f - Lee's Rapid Deconstr  Erth           49%        3d24*     0%          5
g - Iron Shot             Conj/Erth      42%        9d8       1%          6
h - Lehudib's Crystal Sp  Conj/Erth      42%        10d10     1%          8
i - Ignition              Fire           12%        3d6       100%        8

Your spell library contained the following spells:

 Spells                   Type           Power      Damage    Failure   Level
 Maxwell's Capacitive Co  Air            12%        ∞         100%        8


Dungeon Overview and Level Annotations

Branches:
Dungeon (1/1)

Altars:
Cheibriados
Dithmenos
Elyvilon
Fedhas
Gozag
Hepliaklqana
Kikubaaqudgha
Makhleb
Nemelex Xobeh
Okawaru
Qazlal
Ru
Sif Muna
Trog
Uskayaw
Vehumet
Wu Jian
Xom
Yredelemnul
Zin
The Shining One
Jiyva
Lugonu

Shops:
D **[(


Innate Abilities, Weirdness & Mutations

You are immune to sickness and miasma.
Your stone body is resilient. (AC +9)
You are immune to poison.
You resist negative energy. (rN+)
You are resistant to electric shocks. (rElec)
You are resistant to unholy torment.
You are immune to petrification.


Message History

Aiming: Iron Shot (safe; 1% risk of failure)
Press: ? - help, Shift-Dir - straight line, f/p - spriggan druid
Aim: a spriggan druid, wielding a +0 quarterstaff and wearing a +0 robe (51% to hit)
The iron shot hits the spriggan druid!!!
The spriggan druid is almost dead.
The spriggan druid gestures at you while chanting.
The stone arrow misses you.
The will-o-the-wisp blinks!
Casting: Iron Shot (safe; 1% risk of failure)
Confirm with . or Enter, or press ? or * to list all spells.
Okay, then.
You feel much better. The goliath frog hits you from afar!
You are splashed with acid!
* * * LOW HITPOINT WARNING * * *
The spriggan druid completely misses you.
The will-o-the-wisp gestures.
The will-o-the-wisp conjures some foxfire!
A foxfire comes into view.
Okay, then.
Okay, then.
Casting: Iron Shot (safe; 1% risk of failure)
Confirm with . or Enter, or press ? or * to list all spells.
Okay, then.
Casting: Iron Shot (safe; 1% risk of failure)
Confirm with . or Enter, or press ? or * to list all spells.
Aiming: Sticky Flame (mildly dangerous; 1% risk of failure)
Press: ? - help, Shift-Dir - straight line, f/p - spriggan druid
Aim: a spriggan druid, wielding a +0 quarterstaff and wearing a +0 robe (almost dead, 100% to hit)
The sticky flame hits the spriggan druid.
The spriggan druid is almost dead.
The spriggan druid is covered in liquid flames!
The spriggan druid burns!
With its final breath, the spriggan druid offers up its power to the beasts of the wild!
The goliath frog is healed.
The bunyip seems to grow more fierce.
The goliath frog seems to grow more fierce.
The five-headed hydra seems to grow more fierce.
The swamp dragon seems to grow more fierce.
You kill the spriggan druid!
Vehumet accepts your kill.
You feel your power returning. The goliath frog hits you from afar!!
You die...

'▓.▓.▓.▓.▓.▓.▓.♣.♣
.▓.▓.▓.▓∩▓.▓.▓.♣D♣
.▓.▓.▓.▓.▓.▓.▓.♣D♣
[▓.▓.▓.▓∩▓.▓)▓.♣x♣
.▓.▓.▓.▓.▓.▓)▓.♣v♣
.▓.▓.▓.▓∩▓.▓.▓.♣v♣
.▓.▓.▓.▓.▓.▓[▓.♣F♣
)▓.▓.▓.▓.▓.▓.▓.▓)▓
.▓.▓.▓.▓.▓.▓.▓.▓@▓
)▓.▓.▓.▓)▓.▓)▓.▓.▓
'▓.▓'▓.▓[▓.▓=▓.▓.▓
_▓.▓.▓.▓[▓.▓.▓.▓)▓
_▓.▓.▓.▓[▓.▓.▓.▓)▓
_▓.▓.▓.▓.▓.▓.▓.▓)▓
_▓.▓.▓.▓.▓.▓.▓.▓÷▓
_▓.▓.▓.▓.▓.▓.▓.▓)▓
_▓.▓.▓.▓.▓.▓.▓.▓'▓


You could see a bunyip (strong), a five-headed hydra (strong), a swamp dragon
(strong), a goliath frog (strong) and a will-o-the-wisp.

Vanquished Creatures
  A nagaraja (D)
  A stone giant (D)
  An entropy weaver (D)
  2 fire dragons (D)
  An ice dragon (D)
  A hydra (D)
  A merfolk avatar (D)
  An ogre mage (D)
  3 centaur warriors (D)
  A boulder beetle (D)
  An anaconda (D)
  A satyr (D)
  2 tengu warriors (D)
  8 orc high priests (D)
  A shock serpent (D)
  Nergalle (D)
  2 pharaoh ants (D)
  A sea snake (D)
  A spriggan druid (D)
  A glowing orange brain (D)
  An orb spider (D)
  8 orc knights (D)
  A wizard (D)
  A deep elf pyromancer (D)
  An oklob plant (D)
  A cyclops (D)
  A salamander (D)
  10 elephants (D)
  2 merfolk sirens (D)
  2 black mambas (D)
  Joseph (D)
  2 naga magi (D)
  5 cane toads (D)
  2 demonic crawlers (D)
  2 merfolk (D)
  A meliai (D)
  A tyrant leech (D)
  A troll (D)
  A tarantella (D)
  A polar bear (D)
  A snapping turtle (D)
  A slime creature (D)
  A jumping spider (D)
  A water elemental (D)
  A human (shapeshifter) (D)
  5 yaks (D)
  2 wraiths (D)
  Eustachio (D)
  A basilisk (D)
  A redback (D)
  A naga (D)
  An acid dragon (D)
  A water moccasin (D)
  9 orc warriors (D)
  3 centaurs (D)
  3 bullfrogs (D)
  A necrophage (D)
  3 orc priests (D)
  5 orc wizards (D)
  An adder (D)
  A white imp (D)
  7 orcs (D)
  An endoplasm (D)
  A hobgoblin (D)
  2 frilled lizards (D)
  A rat (D)
133 creatures vanquished.

Notes
Turn   | Place    | Note
-------+----------+-------------------------------------------
     0 | D        | mhtbhm the Gargoyle Earth Elementalist began the quest for
                  | the Orb.
     0 | D        | Reached XP level 1. HP: 10/10 MP: 3/3
    44 | D        | Reached skill level 4 in Earth Magic
   286 | D        | Noticed a necrophage
   286 | D        | Noticed a water moccasin
   303 | D        | Killed a water moccasin
   304 | D        | Reached skill level 8 in Earth Magic
   304 | D        | Reached XP level 2. HP: 15/15 MP: 3/7
   304 | D        | Reached XP level 3. HP: 19/19 MP: 3/9
   304 | D        | Reached XP level 4. HP: 24/24 MP: 3/10
   305 | D        | Reached skill level 5 in Spellcasting
   308 | D        | Reached XP level 5. HP: 28/28 MP: 0/12
   310 | D        | Reached skill level 1 in Transmutations
   313 | D        | Reached skill level 10 in Earth Magic
   316 | D        | Learned a level 2 spell: Passwall
   320 | D        | Learned a level 3 spell: Stone Arrow
   325 | D        | Learned a level 4 spell: Petrify
   349 | D        | Found a snail-covered altar of Cheibriados.
   349 | D        | Found a shadowy altar of Dithmenos.
   349 | D        | Found a white marble altar of Elyvilon.
   349 | D        | Found a blossoming altar of Fedhas.
   349 | D        | Found an opulent altar of Gozag.
   350 | D        | Found a hazy altar of Hepliaklqana.
   351 | D        | Found a viscous altar of Jiyva.
   352 | D        | Found an ancient bone altar of Kikubaaqudgha.
   353 | D        | Found a corrupted altar of Lugonu.
   354 | D        | Found a burning altar of Makhleb.
   355 | D        | Found a sparkling altar of Nemelex Xobeh.
   356 | D        | Found an iron altar of Okawaru.
   357 | D        | Found a stormy altar of Qazlal.
   358 | D        | Found a sacrificial altar of Ru.
   359 | D        | Found a shimmering blue altar of Sif Muna.
   360 | D        | Found a bloodstained altar of Trog.
   361 | D        | Found a hide-covered altar of Uskayaw.
   362 | D        | Found a radiant altar of Vehumet.
   363 | D        | Found an ornate altar of the Wu Jian Council.
   364 | D        | Found a shimmering altar of Xom.
   365 | D        | Found a basalt altar of Yredelemnul.
   366 | D        | Found a glowing silver altar of Zin.
   367 | D        | Found a glowing golden altar of the Shining One.
   370 | D        | Became a worshipper of Vehumet
   416 | D        | Noticed a centaur
   416 | D        | Noticed a centaur
   416 | D        | Noticed a yak
   416 | D        | Noticed a centaur
   416 | D        | Noticed a troll
   416 | D        | Noticed a wraith
   420 | D        | Killed a wraith
   421 | D        | Reached skill level 1 in Conjurations
   421 | D        | Reached skill level 11 in Earth Magic
   421 | D        | Reached XP level 6. HP: 21/32 MP: 1/16
   471 | D        | Killed a troll
   472 | D        | Reached skill level 13 in Earth Magic
   472 | D        | Reached XP level 7. HP: 31/37 MP: 4/18
   564 | D        | Reached * piety under Vehumet
   564 | D        | Offered knowledge of Magic Dart by Vehumet.
   641 | D        | Killed a yak
   642 | D        | Reached skill level 14 in Earth Magic
   804 | D        | Offered knowledge of Static Discharge by Vehumet.
   804 | D        | Reached ** piety under Vehumet
   805 | D        | Reached XP level 8. HP: 20/42 MP: 11/21
   978 | D        | Noticed a centaur warrior
   978 | D        | Noticed a wraith
   978 | D        | Noticed a slime creature
   982 | D        | Killed a slime creature
   983 | D        | Reached skill level 5 in Stealth
   983 | D        | Reached skill level 10 in Spellcasting
   992 | D        | Killed a wraith
   993 | D        | Reached skill level 1 in Fighting
   993 | D        | Reached skill level 1 in Armour
   993 | D        | Reached skill level 15 in Earth Magic
   995 | D        | Killed a centaur warrior
   995 | D        | Offered knowledge of Dazzling Flash by Vehumet.
   996 | D        | Reached XP level 9. HP: 24/48 MP: 11/24
  1001 | D        | Reached *** piety under Vehumet
  1194 | D        | Reached skill level 5 in Conjurations
  1196 | D        | Offered knowledge of Kindle Blastsparks by Vehumet.
  1197 | D        | Reached skill level 16 in Earth Magic
  1197 | D        | Reached skill level 1 in Evocations
  1555 | D        | Noticed a cane toad
  1555 | D        | Noticed an oklob plant
  1555 | D        | Noticed a boulder beetle
  1579 | D        | Killed a boulder beetle
  1813 | D        | Noticed a cane toad
  1816 | D        | Reached **** piety under Vehumet
  1969 | D        | Noticed a five-headed hydra
  1972 | D        | Killed an oklob plant
  1972 | D        | Offered knowledge of Sticky Flame by Vehumet.
  1973 | D        | Reached skill level 17 in Earth Magic
  2070 | D        | Killed a cane toad
  2071 | D        | Reached XP level 10. HP: 56/56 MP: 22/26
  2078 | D        | Learned a level 4 spell: Sticky Flame
  2081 | D        | Noticed an elephant
  2082 | D        | Killed a five-headed hydra
  2087 | D        | Killed a cane toad
  2087 | D        | Reached ***** piety under Vehumet
  2087 | D        | Offered knowledge of Iskenderun's Mystic Blast by Vehumet.
  2093 | D        | Killed an elephant
  2094 | D        | Reached skill level 18 in Earth Magic
  2370 | D        | Noticed a cane toad
  2370 | D        | Noticed an elephant
  2376 | D        | Killed an elephant
  2376 | D        | Noticed a cane toad
  2378 | D        | Noticed a cane toad
  2601 | D        | Reached skill level 5 in Dodging
  2631 | D        | Killed a cane toad
  2685 | D        | Killed a cane toad
  2685 | D        | Offered knowledge of Conjure Ball Lightning by Vehumet.
  2686 | D        | Reached skill level 5 in Armour
  2687 | D        | Killed a cane toad
  2688 | D        | Reached XP level 11. HP: 60/60 MP: 12/29
  2931 | D        | Reached skill level 19 in Earth Magic
  3170 | D        | Reached skill level 10 in Conjurations
  3294 | D        | Reached skill level 15 in Spellcasting
  3353 | D        | Offered knowledge of Lee's Rapid Deconstruction by Vehumet.
  3540 | D        | Learned a level 5 spell: Lee's Rapid Deconstruction
  3719 | D        | Offered knowledge of Arcjolt by Vehumet.
  4078 | D        | Noticed an orc knight
  4397 | D        | Killed an orc knight
  4513 | D        | Noticed an orc high priest
  4513 | D        | Noticed an orc knight
  4515 | D        | Reached skill level 20 in Earth Magic
  4516 | D        | Reached ****** piety under Vehumet
  4516 | D        | Offered knowledge of Freezing Cloud by Vehumet.
  4795 | D        | Killed an orc knight
  4799 | D        | Killed an orc high priest
  5251 | D        | Found Zoruill's Antique Weapon Boutique.
  5251 | D        | Noticed an orc knight
  5251 | D        | Noticed an orc knight
  5251 | D        | Noticed an orc high priest
  5251 | D        | Noticed an orc high priest
  5251 | D        | Noticed an orc knight
  5253 | D        | Killed an orc high priest
  5253 | D        | Noticed an orc high priest
  5255 | D        | Killed an orc high priest
  5255 | D        | Offered knowledge of Starburst by Vehumet.
  5255 | D        | Noticed an orc high priest
  5256 | D        | Reached skill level 21 in Earth Magic
  5256 | D        | Reached XP level 12. HP: 47/66 MP: 17/32
  5448 | D        | Noticed a sun demon
  5448 | D        | Killed an orc high priest
  5507 | D        | Killed an orc high priest
  5556 | D        | Noticed an orc high priest
  5558 | D        | Killed an orc high priest
  5558 | D        | Offered knowledge of Iron Shot by Vehumet.
  5559 | D        | Reached skill level 22 in Earth Magic
  5828 | D        | Found Kilid's Armour Shop.
  5832 | D        | Found Luru's General Store.
  5836 | D        | Found Nulouk's Assorted Antiques.
  5841 | D        | Noticed an orc high priest
  5842 | D        | Noticed an orc high priest
  5846 | D        | Killed an orc high priest
  5847 | D        | Killed an orc high priest
  5895 | D        | Bought a +2 troll leather armour for 297 gold pieces
  5905 | D        | Bought a glimmering morningstar for 252 gold pieces
  5905 | D        | Identified the +5 morningstar of Wyrd {speed, rElec rF-
                  | Will+} (You bought it in a shop in the Dungeon)
  5931 | D        | Bought a scroll of identify for 44 gold pieces
  5931 | D        | Bought a potion of invisibility for 176 gold pieces
  5931 | D        | Bought a potion of curing for 66 gold pieces
  5931 | D        | Bought a sapphire potion for 19 gold pieces
  5931 | D        | Bought a scroll labelled KYPESA ROHUKLE for 22 gold pieces
  5931 | D        | Bought a scroll of identify for 44 gold pieces
  5956 | D        | Noticed Eustachio
  5963 | D        | Killed Eustachio
  5971 | D        | Learned a level 6 spell: Iron Shot
  6026 | D        | Noticed Joseph
  6029 | D        | Killed Joseph
  6140 | D        | Found the +10 tower shield of Ignorance {rN+ Int-4}
  6175 | D        | Noticed a centaur warrior
  6175 | D        | Noticed a fire dragon
  6175 | D        | Noticed a centaur warrior
  6178 | D        | Reached skill level 23 in Earth Magic
  6178 | D        | Killed a centaur warrior
  6178 | D        | Offered knowledge of Lehudib's Crystal Spear by Vehumet.
  6178 | D        | Offered knowledge of Ignition by Vehumet.
  6178 | D        | Offered knowledge of Maxwell's Capacitive Coupling by
                  | Vehumet.
  6179 | D        | Killed a centaur warrior
  6180 | D        | Killed a fire dragon
  6206 | D        | Noticed an ogre mage
  6207 | D        | Paralysed by an ogre mage for 4 turns
  6212 | D        | Killed an ogre mage
  6282 | D        | Reached XP level 13. HP: 52/70 MP: 23/36
  6286 | D        | Noticed an ice dragon
  6289 | D        | Killed an ice dragon
  6292 | D        | Reached skill level 24 in Earth Magic
  6388 | D        | Noticed a stone giant
  6393 | D        | Killed a stone giant
  6493 | D        | Noticed a fire dragon
  6645 | D        | Killed a fire dragon
  6859 | D        | Noticed Nergalle
  6862 | D        | Killed Nergalle
  6958 | D        | Noticed an entropy weaver
  6960 | D        | Killed an entropy weaver
  6962 | D        | Reached skill level 25 in Earth Magic
  7208 | D        | Noticed a nagaraja
  7212 | D        | Killed a nagaraja
  7442 | D        | Reached skill level 26 in Earth Magic
  7728 | D        | Noticed a bunyip
  7739 | D        | Learned a level 8 spell: Lehudib's Crystal Spear
  7748 | D        | Learned a level 8 spell: Ignition
  7755 | D        | Slain by a goliath frog

Illustrated notes

Levels and vault maps discovered:
D:        linesprint [early_d, line_temple, items_1, d_10, items_2, lair_1,
          lair_end, items_3, orc_1, orc_end, items_4, d_15, swamp_1, shoals_1,
          snake_1, spider_1, d_20, vaults_1, items_5, swamp_end, shoals_end,
          snake_end, spider_end, vaults_end, d_27, items_6, zot_1, zot_end,
          crypt_end, forest_end, elf_end, slime_end, tomb_end, abyss_end,
          pan_hell_end]

Skill      XL: |  1  2  3  4  5  6  7  8  9 10 11 12 13 |
---------------+----------------------------------------+-----
Stealth        | 3 4 5 |  5.9
Earth Magic    | 8 11 13 14 15 17 18 21 23 26 | 26.6
Dodging        | 2 3 4 5 |  5.9
Spellcasting   | 4 5 7 8 9 11 12 14 16 19 22 | 22.3
Transmutations | 1 2 3 4 |  4.5
Conjurations   | 1 2 3 4 7 9 11 | 11.7
Fighting       | 2 3 4 |  4.5
Armour         | 2 4 5 6 |  6.1
Evocations     | 2 |  2.9

Action                   |  1- 3 |  4- 6 |  7- 9 | 10-12 | 13-15 || total
-------------------------+-------+-------+-------+-------+-------++-------
Melee: Morningstar       |       |       |       |     4 |       ||     4
 Cast: Sandblast         |    11 |    10 |     6 |    11 |     1 ||    39
       Stone Arrow       |       |     5 |    49 |    88 |       ||   142
       Petrify           |       |       |     4 |    15 |       ||    19
       Lee's Rapid Decon |       |       |       |    74 |    49 ||   123
       Iron Shot         |       |       |       |       |    12 ||    12
       Sticky Flame      |       |       |       |       |     1 ||     1
Evoke: Wand              |       |     1 |     4 |     2 |     1 ||     8
  Use: Potion            |     3 |     2 |     4 |     2 |     1 ||    12
       Scroll            |       |     1 |     1 |     4 |     1 ||     7
Armor: Robe              |     1 |     1 |       |       |       ||     2
       Troll leather arm |       |       |     6 |    38 |    13 ||    57
Dodge: Dodged            |     7 |     4 |    18 |    52 |    13 ||    94

Table legend: (Time is in decaauts)
 A = Elapsed time spent in this place.
 B = Non-inter-level travel time spent in this place.
 C = Inter-level travel time spent in this place.
 D = Time resting spent in this place.
 E = Time spent auto-exploring this place.
 F = Levels seen in this place.
 G = Mean time per level.
                   A        B        C        D        E       F      G
               +--------+--------+--------+--------+--------+-----+--------+
         Total |   7753 |   7753 |      0 |   4535 |   1698 |   1 | 7753.0 |
       Dungeon |   7753 |   7753 |      0 |   4535 |   1698 |   1 | 7753.0 |
               +--------+--------+--------+--------+--------+-----+--------+

Top non-repeatable levels by time:
       D: 7753 daAuts
